 Dungeon Crawl Stone Soup version 0.27-a0-668-gb5737ff2c0 (webtiles) character file.

Game seed: 1931806125581744686

53 theanonym the Cudgeller (level 3, 0/49 HPs)
             Began as a Palentonga Delver on Mar 17, 2021.
             Slain by a leopard gecko skeleton (2 damage)
             ... on level 4 of the Dungeon.
             The game lasted 00:01:12 (309 turns).

theanonym the Cudgeller (Palentonga Delver)          Turns: 309, Time: 00:01:12

Health: 0/49       AC: 21    Str: 14 (16) XL:     3   Next: 62%
Magic:  3/3        EV:  1    Int:  9 (10) God:
Gold:   18         SH:  0    Dex:  9 (11) Spells: 2/2 levels left

rFire    . . .     SeeInvis +   g - +0 flail
rCold    . . .     Faith    .   (no shield)
rNeg     + + +     Spirit   .   (armour currently unavailable)
rPois    +         Reflect  .   (helmet currently unavailable)
rElec    .         Harm     .   (cloak currently unavailable)
rCorr    .         Rampage  .   (gloves currently unavailable)
Will     .....     NoTele   +   (no barding)
Stlth    ++........             (no amulet)
HPRegen  0.16/turn              (no ring)
MPRegen  0.08/turn              (no ring)

@: tree-form
A: stationary, stasis, torment immunity, boosted hp, large, rugged brown scales
3, see invisible, (deformed body), (roll 1), (armoured tail)
a: no special abilities


Innate Abilities, Weirdness & Mutations

You are a tree.
Your roots penetrate the ground, keeping you stationary.
You cannot be teleported.
You are immune to unholy pain and torment.
Your maximum health is greatly increased.
Your equipment is partially melded.
(You are completely covered in rugged brown scales. (AC +3, +7% HP))
You have supernaturally acute eyesight. (SInv)
((Armour fits poorly on your strangely shaped body.))
((You can roll at nearby foes to attack.))
((You have a long armoured tail.))


   Skills:
 - Level 3.0 Fighting
 + Level 4.1 Maces & Flails
 - Level 1.5 Dodging
 - Level 3.3 Stealth


You had 2 spell levels left.
You didn't know any spells.
Your spell library was empty.

Skill      XL: |  1  2  3 |
---------------+----------+-----
Maces & Flails | 3 4 |  4.1
Fighting       | |  3.0
Dodging        | |  1.5
Stealth        | |  3.3

Action                   || total
-------------------------++-------
Melee: Flail             ||    29
 Abil: Rolling Charge    ||     2
  Use: Potion            ||     4
Armor: Leather armour    ||     7
       Skin              ||     5
Dodge: Dodged            ||     9

Inventory:

Hand Weapons
 a - a +0 mace
 g - a +0 flail (weapon)
Armour
 b - a +0 leather armour (melded)
Wands
 d - a wand of digging (3)
Scrolls
 c - a scroll of amnesia {unknown}
 e - a scroll of fear
 f - a scroll of fog
 y - a scroll of magic mapping


You were on level 4 of the Dungeon.
You were a tree.
You visited 1 branch of the dungeon, and saw 2 of its levels.

You collected 18 gold pieces.

Dungeon Overview and Level Annotations

Branches:
Dungeon (5/15)
 Temple: D:4-7

Altars:

## ## ..#..
#############)#.##
#......♣......#...
#.#####OZ......#
#.#..#.........#
#.#............+ ###
#.##.#.........####.#
...#....#..............#
#.#######.........##..#
#...#####.#+###+#.#
###.......#..Z....#


You could see an ogre and a leopard gecko skeleton.

Notes
Turn   | Place    | Note
-------+----------+-------------------------------------------
     0 | D:5      | theanonym the Palentonga Delver began the quest for the
                  | Orb.
     0 | D:5      | Reached XP level 1. HP: 20/20 MP: 1/1
     8 | D:4      | Noticed a howler monkey
    26 | D:4      | Killed a howler monkey
    27 | D:4      | Reached skill level 3 in Maces & Flails
    27 | D:4      | Reached XP level 2. HP: 15/27 MP: 2/2
    27 | D:4      | Reached XP level 3. HP: 19/33 MP: 3/3
   194 | D:4      | Reached skill level 4 in Maces & Flails
   260 | D:4      | Noticed an ogre
   268 | D:4      | HP: 10/33 [ogre/+0 giant spiked club (8)]
   305 | D:4      | HP: 6/49 [ogre/+0 giant spiked club (19)]
   307 | D:4      | HP: 2/49 [ogre/+0 giant spiked club (5)]
   309 | D:4      | Slain by a leopard gecko skeleton

Vanquished Creatures
  A howler monkey (D:4)
  An adder (D:4)
  A dart slug (D:4)
  2 giant cockroaches (D:4)
  A ball python (D:4)
  A jackal skeleton (D:4)
  2 rats (D:4)
9 creatures vanquished.

Table legend: (Time is in decaauts)
 A = Elapsed time spent in this place.
 B = Non-inter-level travel time spent in this place.
 C = Inter-level travel time spent in this place.
 D = Time resting spent in this place.
 E = Time spent auto-exploring this place.
 F = Levels seen in this place.
 G = Mean time per level.
                   A        B        C        D        E       F      G
               +--------+--------+--------+--------+--------+-----+--------+
         Total |    295 |    288 |      7 |    124 |     60 |   2 |  147.5 |
       Dungeon |    295 |    288 |      7 |    124 |     60 |   2 |  147.5 |
               +--------+--------+--------+--------+--------+-----+--------+

Top non-repeatable levels by time:
     D:4: 287 daAuts
     D:5: 8 daAuts
